 Dungeon Sprint DCSS version 0.32-a0-768-g0f6f1dd4b9 (webtiles) character file.

Game seed: 8263255572521901436

15681 rocky1 the Shatterer (level 12, -10/122 HPs)
             Began as a Mountain Dwarf Fighter on Mar 19, 2024.
             Was an Initiate of Gozag.
             Mangled by a sun demon (19 damage)
             ... in the Dungeon (Sprint VII: "The Pits").
             The game lasted 00:12:58 (5371 turns).

rocky1 the Shatterer (Mountain Dwarf Fighter)       Turns: 5371, Time: 00:12:59

Health: -10/122    AC: 36    Str: 25    XL:     12   Next: 3%
Magic:  12/12      EV: -1    Int:  8    God:    Gozag
Gold:   1472       SH: 11    Dex:  9    Spells: 11/11 levels left

rFire   + . .        b - +2 morningstar (protect)
rCold   + . .        c - +0 buckler
rNeg    . . .        a - +9 plate armour of Hedonism {Stlth+}
rPois   +            (no helmet)
rElec   +            (no cloak)
rCorr   +            x - +0 pair of gloves
SInv    +            w - +0 pair of boots
Will    ++...        C - amulet of reflection Stlth
                     E - ring of willpower
HPRegen 0.40/turn    y - ring of see invisible
MPRegen 0.13/turn

%: no teleportation, reflection
@: mighty, resistant, gold aura, under a protective aura, hasted, constricted,
very quick
A: runic magic, artefact enchanting
a: Renounce Religion, Potion Petition, Call Merchant, Bribe Branch


You were in the Dungeon.
You worshipped Gozag.
Gozag was most pleased with you.
You visited 1 branch You collected 6603 gold pieces.
You spent 3095 gold pieces at shops.
You paid 2036 gold pieces to Gozag.

Inventory:

Hand Weapons
 b - a +2 morningstar of protection (weapon)
 v - a +1 broad axe of freezing
Missiles
 i - 10 poisoned darts
 o - a curare-tipped dart (quivered)
Armour
 a - the +9 plate armour of Hedonism (worn) {Stlth+}
   (You bought it in a shop in the Dungeon)

   Stlth+:    It makes you more stealthy.
 c - a +0 buckler (worn)
 w - a +0 pair of boots (worn)
 x - a +0 pair of gloves (worn)
 H - the +2 crystal plate armour "Neitryce" {Harm rF+ Str+3 Int+3}
   (You bought it in a shop in the Dungeon)

   Str+3:     It affects your strength (+3).
   Int+3:     It affects your intelligence (+3).
   rF+:       It protects you from fire.
   Harm:      It increases damage dealt and taken.
Jewellery
 r - a +3 ring of intelligence
 s - a +3 ring of evasion
 y - a ring of see invisible (right hand)
 z - a ring of positive energy
 C - an amulet of reflection (around neck)
 E - a ring of willpower (left hand)
Wands
 F - a wand of iceblast (3)
Scrolls
 j - a scroll of blinking
 l - 2 scrolls of vulnerability
 m - 5 scrolls of amnesia
 n - 2 scrolls of fog
 B - 2 scrolls of enchant weapon
 I - 3 scrolls of identify
Potions
 d - a potion of might
 e - 9 potions of curing
 f - 15 potions of heal wounds
 g - a potion of haste
 h - 4 potions of magic
 k - 2 potions of invisibility
 p - a potion of enlightenment
 t - 2 potions of mutation
 u - a potion of resistance
 D - a potion of lignification


   Skills:
 * Level 16.0 Fighting
 + Level 21.5 Maces & Flails
 + Level 16.4 Armour
 + Level 5.0 Dodging
 - Level 2.4 Stealth
 + Level 13.7 Shields
 - Level 0.5 Evocations


You had 11 spell levels left.
You didn't know any spells.
Your spell library was empty.

Dungeon Overview and Level Annotations

Branches:
Dungeon (1/1)

Altars:
Ashenzari
Cheibriados
Dithmenos
Elyvilon
Fedhas
Gozag
Hepliaklqana
Kikubaaqudgha
Makhleb
Nemelex Xobeh
Okawaru
Qazlal
Ru
Sif Muna
Trog
Uskayaw
Vehumet
Wu Jian
Xom
Yredelemnul
Zin
The Shining One
Beogh
Jiyva
Lugonu

Shops:
D [*

Annotations:
D Polyphemus


Innate Abilities, Weirdness & Mutations

Your spellcasting is much less encumbered by armour.
You can use scrolls of enchantment on lesser artefacts.


Message History

Your Fighting skill increases to level 16!
You have reached level 12!
You feel stronger.
Unknown command.
You barely miss the spriggan berserker.
The spriggan berserker is heavily wounded.
The spriggan berserker hits you with a +0 flail!
You puncture the spriggan berserker!
The spriggan berserker is severely wounded.
The sun demon hits you.
You are engulfed in flames.
You resist.
The ball python simulacrum bites you but does no damage.
The ball python simulacrum constricts you.
You block the spriggan berserker's attack.
Polyphemus is distracted by your dazzling golden aura.
You miss the spriggan berserker.
The spriggan berserker is severely wounded.
Polyphemus shouts, "Attack, my pets!
Attack!"
You miss the spriggan berserker.
The spriggan berserker is severely wounded.
The spriggan berserker hits you with a +0 flail!!
The sun demon hits you.
You are engulfed in flames!
You resist.
You block the ball python simulacrum's attack.
The ball python simulacrum constricts you.
You puncture the spriggan berserker!
The spriggan berserker is severely wounded.
Polyphemus is no longer distracted by gold.
You block the spriggan berserker's attack.
The sun demon hits you but does no damage.
Unknown command.
You closely miss the spriggan berserker.
The spriggan berserker is severely wounded.
You closely miss the spriggan berserker.
The spriggan berserker is severely wounded.
The spriggan berserker hits you with a +0 flail!!
* * * LOW HITPOINT WARNING * * *
You block the ball python simulacrum's attack.
The ball python simulacrum constricts you.
The sun demon hits you!!
You die...
Your body crumbles into a pile of gold.

#..#....#..#
+..........#
+..........#
#..#....#..#
#..........+
#..........+
###''####''#
###Z3####''#########
#.$@...##.)..)......
#.#i##.##))))).)....
#.#Cd .##..#########
# +f.# ##..# #.)'
#..# #++##########
+.:#. #..#
........##..# ##+#.
#..# .#......##..#
##..# ........''..#
#..#


You could see Polyphemus, a black draconian, a sun demon, a spriggan berserker
(berserk), a wandering mushroom and a ball python simulacrum.

Vanquished Creatures
  An emperor scorpion (D)
  2 vampire knights (D)
  A merfolk avatar (D)
  A boulder beetle (D)
  A two-headed ogre (D)
  A death yak (D)
  A sea snake (D)
  2 flayed ghosts (D)
  A bog body (D)
  A deep troll (D)
  An arcanist (D)
  A phantasmal warrior (D)
  A manticore (D)
  An elephant (D)
  A guardian serpent (D)
  A molten gargoyle (D)
  A cane toad (D)
  A gargoyle (D)
  3 kobold demonologists (D)
  An orange demon (D)
  A polar bear (D)
  2 tarantellas (D)
  A wind drake (D)
  A hellwing (D)
  A snapping turtle (D)
  A spriggan (D)
  A wraith (D)
  A wyvern (D)
  3 yaks (D)
  A wandering mushroom (D)
  A fire bat (D)
  A redback (D)
  A vampire mosquito (D)
  Edmund (D)
  An acid dragon (D)
  A water moccasin (D)
  2 swamp drakes (D)
  An orc warrior (D)
  A laughing skull (D)
  4 wolves (D)
  An ogre (D)
  3 kobold brigands (D)
  A hound (D)
  An orc priest (D)
  A mummy (D)
  An adder (D)
  A gnoll (D)
  2 river rats (D)
  A white imp (D)
  2 adder skeletons (D)
  A dart slug (D)
  A ribbon worm (D)
  3 orcs (D)
  A bat (D)
  2 bat skeletons (D)
  A giant cockroach (D)
  2 hobgoblins (D)
  9 jackals (D)
  2 frilled lizards (D)
  A kobold (D)
  2 rats (D)
90 creatures vanquished.

Vanquished Creatures (collateral kills)
  A vampire mosquito (D)
  A jelly (D)
  A gnoll bouda (D)
  3 gnolls (D)
6 creatures vanquished.

Vanquished Creatures (others)
  A deep elf pyromancer (D)
  3 kobolds (D)
4 creatures vanquished.

Grand Total: 100 creatures vanquished

Notes
Turn   | Place    | Note
-------+----------+-------------------------------------------
     0 | D        | rocky1 the Mountain Dwarf Fighter began the quest for the
                  | Orb.
     0 | D        | Reached XP level 1. HP: 19/19 MP: 1/1
    28 | D        | Found a bloodstained altar of Trog.
    28 | D        | Found a shimmering blue altar of Sif Muna.
    28 | D        | Found a viscous altar of Jiyva.
    28 | D        | Found a hazy altar of Hepliaklqana.
    28 | D        | Found an opulent altar of Gozag.
    29 | D        | Found a glowing golden altar of the Shining One.
    29 | D        | Found a glowing silver altar of Zin.
    29 | D        | Found a basalt altar of Yredelemnul.
    29 | D        | Found a shimmering altar of Xom.
    29 | D        | Found an ornate altar of the Wu Jian Council.
    29 | D        | Found a sacrificial altar of Ru.
    29 | D        | Found a stormy altar of Qazlal.
    29 | D        | Found an iron altar of Okawaru.
    29 | D        | Found a sparkling altar of Nemelex Xobeh.
    29 | D        | Found a burning altar of Makhleb.
    29 | D        | Found a blossoming altar of Fedhas.
    29 | D        | Found a white marble altar of Elyvilon.
    29 | D        | Found a shadowy altar of Dithmenos.
    29 | D        | Found a snail-covered altar of Cheibriados.
    32 | D        | Found a corrupted altar of Lugonu.
    32 | D        | Found a radiant altar of Vehumet.
    32 | D        | Found a roughly hewn altar of Beogh.
    33 | D        | Found an ancient bone altar of Kikubaaqudgha.
    33 | D        | Found a hide-covered altar of Uskayaw.
    33 | D        | Found a broken altar of Ashenzari.
    36 | D        | Became a worshipper of Gozag Ym Sagoz the Greedy
    79 | D        | Reached XP level 2. HP: 21/27 MP: 2/2
    83 | D        | Reached skill level 3 in Maces & Flails
   494 | D        | Reached XP level 3. HP: 32/35 MP: 3/3
   585 | D        | Reached skill level 4 in Maces & Flails
   585 | D        | Reached skill level 5 in Armour
   599 | D        | Reached skill level 5 in Fighting
   822 | D        | Noticed a polar bear
   828 | D        | Killed a polar bear
   829 | D        | Reached skill level 9 in Maces & Flails
   829 | D        | Reached XP level 4. HP: 44/44 MP: 4/4
   829 | D        | Reached XP level 5. HP: 50/50 MP: 5/5
  1077 | D        | Reached XP level 6. HP: 57/57 MP: 6/6
  1083 | D        | Reached skill level 1 in Stealth
  1194 | D        | Noticed Edmund
  1194 | D        | Noticed a sea snake
  1194 | D        | Noticed a swamp drake
  1207 | D        | Killed a sea snake
  1208 | D        | Reached skill level 13 in Maces & Flails
  1208 | D        | Reached XP level 7. HP: 48/66 MP: 7/7
  1213 | D        | Killed Edmund
  1217 | D        | Reached XP level 8. HP: 44/74 MP: 8/8
  1537 | D        | Noticed a wandering mushroom
  1549 | D        | Reached skill level 14 in Maces & Flails
  1840 | D        | Bought a crude plate armour for 756 gold pieces
  1840 | D        | Identified the +9 plate armour of Hedonism {Stlth+} (You
                  | bought it in a shop in the Dungeon)
  1855 | D        | Noticed a flayed ghost
  1858 | D        | Reached skill level 10 in Armour
  1866 | D        | Noticed a hellwing
  1870 | D        | Killed a flayed ghost
  1871 | D        | Reached skill level 15 in Maces & Flails
  1874 | D        | Killed a hellwing
  1875 | D        | Reached skill level 16 in Maces & Flails
  1875 | D        | Reached XP level 9. HP: 83/83 MP: 9/9
  2236 | D        | Noticed a boulder beetle
  2270 | D        | Killed a boulder beetle
  2271 | D        | Reached skill level 17 in Maces & Flails
  2522 | D        | Reached skill level 10 in Fighting
  2658 | D        | Noticed a bog body
  2658 | D        | Noticed an orange demon
  2672 | D        | Killed an orange demon
  2676 | D        | Killed a bog body
  2677 | D        | Reached skill level 18 in Maces & Flails
  2677 | D        | Reached XP level 10. HP: 71/95 MP: 10/10
  2688 | D        | Reached skill level 10 in Shields
  2758 | D        | Noticed a two-headed ogre
  2767 | D        | Killed a two-headed ogre
  2817 | D        | Noticed a deep troll
  2835 | D        | Killed a deep troll
  2841 | D        | Noticed a manticore
  2845 | D        | Killed a manticore
  2845 | D        | Noticed an arcanist
  2846 | D        | Reached skill level 19 in Maces & Flails
  2853 | D        | Killed an arcanist
  2853 | D        | Noticed a gargoyle
  2861 | D        | Noticed an elephant
  2878 | D        | Killed an elephant
  2881 | D        | Killed a gargoyle
  2882 | D        | Reached XP level 11. HP: 53/107 MP: 11/11
  2905 | D        | Noticed a flayed ghost
  2912 | D        | Killed a flayed ghost
  2930 | D        | Noticed a merfolk avatar
  2954 | D        | Killed a merfolk avatar
  2955 | D        | Reached skill level 20 in Maces & Flails
  3221 | D        | Reached skill level 15 in Armour
  3678 | D        | Bought an amethyst potion for 22 gold pieces
  3678 | D        | Bought a bubbling golden potion for 22 gold pieces
  3704 | D        | Bought a fine crystal plate armour for 2295 gold pieces
  3704 | D        | Identified the +2 crystal plate armour "Neitryce" {Harm rF+
                  | Str+3 Int+3} (You bought it in a shop in the Dungeon)
  3967 | D        | Noticed a death yak
  3967 | D        | Noticed a vampire knight
  3967 | D        | Noticed a phantasmal warrior
  3982 | D        | Killed a phantasmal warrior
  4004 | D        | HP: 4/111 [vampire knight/vampiric draining (20)]
  4017 | D        | Killed a vampire knight
  4022 | D        | Killed a death yak
  4023 | D        | Reached skill level 5 in Dodging
  4646 | D        | Reached skill level 21 in Maces & Flails
  4677 | D        | Reached skill level 15 in Fighting
  4825 | D        | Noticed an emperor scorpion
  4851 | D        | Killed an emperor scorpion
  4867 | D        | Noticed a vampire knight
  4883 | D        | Killed a vampire knight
  5352 | D        | Noticed a spriggan berserker
  5352 | D        | Noticed a deep elf pyromancer
  5352 | D        | Noticed Polyphemus
  5352 | D        | Noticed a sun demon
  5352 | D        | Noticed a black draconian
  5364 | D        | Killed a deep elf pyromancer
  5365 | D        | Reached XP level 12. HP: 100/122 MP: 12/12
  5371 | D        | Mangled by a sun demon

Illustrated notes

Levels and vault maps discovered:
D:        pitsprint [storerooms_1, entrance_room_1, metal_vault_4, armoury_1,
          mini_pit_1, grid_room_1, main_hall_1, silver_pit, the_coven_1,
          the_vestibule_1, steel_vault_5, golden_pit, hallway_of_sentries,
          crystal_vault_2, iron_vault_3, final_vault]

Skill      XL: |  1  2  3  4  5  6  7  8  9 10 11 |
---------------+----------------------------------+-----
Fighting       | 4 6 7 9 11 13 16 | 16.0
Armour         | 4 7 9 11 13 14 16 | 16.4
Shields        | 4 6 7 8 9 11 13 | 13.7
Maces & Flails | 3 9 13 16 18 19 21 | 21.5
Dodging        | 2 3 4 5 |  5.0
Stealth        | 2 |  2.4
Evocations     | |  0.5

Action                     |  1- 3 |  4- 6 |  7- 9 | 10-12 || total
---------------------------+-------+-------+-------+-------++-------
  Melee: Flail             |    82 |    19 |     9 |       ||   110
         Morningstar       |       |       |   102 |   284 ||   386
  Throw: Dart              |       |       |       |     1 ||     1
 Invoke: Call Merchant     |       |       |     1 |     1 ||     2
         Potion Petition   |       |       |       |     1 ||     1
  Evoke: Wand              |       |       |       |     2 ||     2
    Use: Potion            |     1 |     1 |     2 |     9 ||    13
         Scroll            |       |       |     1 |     4 ||     5
   Stab: Distracted        |       |     1 |       |       ||     1
 Armour: Scale mail        |    59 |       |       |       ||    59
         Chain mail        |    26 |    12 |     8 |       ||    46
         Plate armour      |       |       |    75 |   202 ||   277
  Dodge: Dodged            |    46 |     4 |    49 |   100 ||   199
  Block: Buckler           |    22 |       |    24 |    99 ||   145
         Reflection        |       |       |       |     2 ||     2

Table legend: (Time is in decaauts)
 A = Elapsed time spent in this place.
 B = Non-inter-level travel time spent in this place.
 C = Inter-level travel time spent in this place.
 D = Time resting spent in this place.
 E = Time spent auto-exploring this place.
 F = Levels seen in this place.
 G = Mean time per level.
                   A        B        C        D        E       F      G
               +--------+--------+--------+--------+--------+-----+--------+
         Total |   5293 |   5235 |     58 |   3785 |      0 |   1 | 5293.0 |
       Dungeon |   5293 |   5235 |     58 |   3785 |      0 |   1 | 5293.0 |
               +--------+--------+--------+--------+--------+-----+--------+

Top non-repeatable levels by time:
       D: 5293 daAuts
